Map: Cyber Forest LE

Players

TSGSolar (Solar)

  • Race: Zerg Zerg
  • League: Diamond
  • Spawn Location: 11:00

soO - Winner!

  • Race: Zerg Zerg
  • Spawn Location: 5:00

Event: HomeStory Cup XIX

VOD

Have the link to the VOD?

Description

Time

  • Played on: June 29, 2019, 2:23 p.m.
  • Length: 5:02

All games in this series

Show
View Real Time Build Order
Export as new Build Order

TSGSolar Zerg 

Build Orders: Pool First 

Get SALT Encoding   

  12  0:17  Spawning Pool  
  11  0:22  Drone  
  11  0:27  Drone  
  13  0:32  Drone  
  14  0:39  Overlord  
  16  1:04  Zergling x4  
  16  1:05  Zergling x2  
  17  1:16  Zergling x2  
  18  1:20  Hatchery  
  17  1:26  Zergling x2  
  17  1:31  Extractor  
  17  1:37  Queen  
  19  1:42  Drone  
  20  1:48  Drone  
  21  1:59  Overlord  
  18  2:16  Queen  
  18  2:17  Zergling x2  
  21  2:28  Zergling x2  
  20  2:32  Zergling x2  
  20  2:35  Metabolic Boost  
  21  2:41  Zergling x2  
  21  2:42  Drone  
  23  2:49  Overlord  
  23  2:56  Zergling x2  
  23  2:57  Zergling x2  
  25  3:01  Zergling x2  
  26  3:05  Zergling x2  
  26  3:11  Zergling x4  
  29  3:15  Zergling x2  
  29  3:19  Zergling x2  
  31  3:26  Overlord  
  31  3:29  Zergling x2  
  31  3:34  Zergling x2  
  33  3:36  Zergling x2  
  33  3:39  Zergling x2  
  35  3:43  Zergling x2  
  35  3:45  Zergling x2  
  37  3:49  Zergling x2  
  37  3:53  Zergling x2  
  38  3:59  Zergling x2  
  39  4:03  Zergling x2  
  39  4:07  Zergling x2  
  39  4:08  Zergling x2  
  40  4:13  Zergling x2  
  34  4:17  Zergling x2  
  34  4:23  Zergling x2  
  31  4:26  Zergling x2  
  31  4:28  Zergling x2  
  31  4:32  Zergling x2  
  31  4:36  Zergling x2  
  29  4:39  Zergling x2  
  29  4:43  Zergling x2  
Show
View Real Time Build Order
Export as new Build Order

soO Zerg - Winner!

Build Orders: Hatch First 

Get SALT Encoding   

  12  0:00  Drone  
  13  0:12  Overlord  
  13  0:17  Drone  
  14  0:30  Drone x2  
  16  0:47  Hatchery  
  15  0:51  Drone  
  15  0:54  Drone  
  17  0:57  Drone  
  18  1:08  Extractor  
  17  1:13  Spawning Pool  
  17  1:17  Drone  
  17  1:20  Drone  
  18  1:29  Drone  
  19  2:00  Zergling x8, Queen  
  19  2:01  Queen  
  25  2:11  Drone  
  23  2:27  Drone  
  24  2:31  Drone  
  24  2:35  Drone  
  26  2:40  Drone  
  27  2:46  Overlord  
  27  2:51  Metabolic Boost  
  27  2:56  Drone  
  27  3:04  Spine Crawler  
  26  3:06  Drone  
  26  3:08  Drone  
  26  3:10  Drone  
  29  3:16  Drone x2  
  31  3:24  Queen  
  33  3:32  Overlord  
  34  3:34  Zergling x4  
  35  3:43  Drone  
  35  3:44  Baneling Nest  
  35  3:51  Zergling x2  
  35  4:03  Overlord  
  35  4:09  Zergling x2  
  36  4:11  Zergling x2  
  36  4:13  Zergling x2  
  36  4:15  Zergling x2  
  36  4:16  Zergling x4  
  34  4:26  Zergling x4  
  34  4:31  Zergling x2  
  34  4:32  Zergling x2  
  34  4:34  Zergling x2  
  34  4:35  Zergling x2  
  34  4:36  Zergling x4  
  39  4:40  Baneling x3  
Tags
 
Add a new tag
Caveats
  • Supply blocks, unpowered buildings, or Contaminate may cause inaccurate times.
  • Supply counts are checked every 10 seconds.